AoeStats
← Pradera Siberiana

Baltic

510624529Analyzed
4v4 RM · 1d ago on Oct 1, 2026· 47m 45s· 8 players
Game mode
Random Map
Map size
Large (8 player)
Population
200
Speed
Normal
Resources
Standard
Victory
Conquest
Starting age
Dark Age
Ending age
Imperial Age
RankedLock teamsTeams togetherTeam positionsShared explorationLock speedFull tech treeHidden civsTurbo modeCheats
Victory
Defeat
🇫🇷 Bohemians · France
876
+17
🇲🇽 Spanish · Mexico
868
+17
🇳🇿 Franks · New Zealand
867
+17
🇺🇦 Tatars · Ukraine
860
+17
🇦🇷 Ethiopians · Argentina
917
-18
🇦🇷 Mongols · Argentina
896
-17
🇨🇱 Malay · Chile
881
-17
🇵🇪 Wu · Peru
858
-16
Carrizuwu
11:05 Feudal Age
11:38 Man-at-Arms
16:14 Forging
17:25 Loom
17:51 Arson
26:56 Fletching
27:38 Double-Bit Axe
31:28 Wheelbarrow
35:14 Castle Age
33:45 Gold Mining
34:01 Padded Archer Armor
34:09 Scale Barding Armor
36:10 Ballistics
36:02 Masonry
36:37 Caravan
36:06 Long Swordsman
36:46 Squires
36:08 Pikeman
37:12 Treadmill Crane
38:45 Hand Cart
40:07 Iron Casting
39:28 Bodkin Arrow
leonedu
12:08 Feudal Age
10:24 Loom
16:39 Castle Age
14:38 Double-Bit Axe
14:46 Gold Mining
19:57 Fletching
20:47 Scale Mail Armor
22:37 Scale Barding Armor
23:49 Wheelbarrow
26:04 Forging
27:21 Stone Mining
27:50 Hand Cart
29:36 Bow Saw
30:00 Bloodlines
32:50 Husbandry
35:35 Chain Barding Armor
35:51 Iron Casting
35:14 Elite Skirmisher
41:30 Imperial Age
41:28 Pikeman
41:55 Arson
42:27 Chain Mail Armor
43:21 Halberdier
44:01 Bodkin Arrow
45:10 Stone Shaft Mining
Pancito
5:58 Loom
8:54 Feudal Age
9:30 Double-Bit Axe
14:04 Horse Collar
21:41 Castle Age
19:36 Fishing Lines
20:44 Gold Mining
20:46 Fletching
22:59 Bloodlines
22:49 Husbandry
24:21 Wheelbarrow
27:38 Gillnets
28:43 Medium Warships
27:56 Demolition Ship
29:28 Hand Cart
31:05 Heavy Plow
34:24 Bodkin Arrow
34:29 Padded Archer Armor
36:08 Forging
39:24 Leather Archer Armor
39:14 Scale Barding Armor
39:46 Iron Casting
Pradera Siberiana
0:47 Loom
12:58 Feudal Age
17:27 Castle Age
16:39 Double-Bit Axe
16:45 Stone Mining
16:47 Gold Mining
17:38 Crossbowman
24:32 Fletching
25:57 Horse Collar
26:59 Wheelbarrow
32:29 Imperial Age
30:26 Hand Cart
31:12 Bodkin Arrow
31:17 Padded Archer Armor
32:54 Bow Saw
33:59 Scale Mail Armor
35:05 Arbalester
37:09 Conscription
37:29 Forging
37:35 Chain Mail Armor
37:22 Bracer
37:38 Leather Archer Armor
Iceman
0:32 Loom
13:49 Feudal Age
15:58 Stone Mining
15:54 Double-Bit Axe
17:34 Wheelbarrow
19:01 Gold Mining
18:53 Horse Collar
26:27 Castle Age
28:12 Bow Saw
35:28 Imperial Age
37:22 Chemistry
36:35 Fortified Wall
36:47 Padded Archer Armor
37:55 Clinker Construction
37:56 Careening
38:31 Leather Archer Armor
42:45 Fletching
44:52 Hand Cart
1mmr
2:09 Loom
11:16 Feudal Age
11:51 Double-Bit Axe
11:56 Horse Collar
18:57 Gold Mining
22:03 Castle Age
20:04 Stone Mining
23:02 Fletching
23:12 Padded Archer Armor
25:10 Bow Saw
25:35 Bodkin Arrow
25:55 Leather Archer Armor
27:33 Husbandry
27:44 Bloodlines
31:44 Imperial Age
29:24 Scale Barding Armor
31:39 Ballistics
32:04 Silk Armor
34:17 Chemistry
33:18 Bracer
35:52 Ring Archer Armor
37:10 Heavy Cavalry Archer
38:51 Chain Barding Armor
38:42 Forging
40:28 Wheelbarrow
42:22 Hand Cart
46:43 Treadmill Crane
Cameleon_
5:34 Loom
12:28 Feudal Age
13:23 Double-Bit Axe
13:38 Fishing Lines
19:27 Castle Age
18:30 Horse Collar
19:32 Fletching
21:30 Wheelbarrow
22:59 Hand Cart
23:09 Gillnets
23:29 Medium Warships
24:33 Bodkin Arrow
28:54 Heavy Plow
29:11 Bow Saw
30:34 Caravan
31:51 Fervor
31:38 Herbal Medicine
34:24 Imperial Age
31:39 Town Watch
32:39 Town Patrol
35:27 Chemistry
34:40 Masonry
34:50 Ballistics
34:27 Murder Holes
34:42 Fortified Wall
34:34 Padded Archer Armor
34:49 Careening
34:51 Clinker Construction
34:55 Forging
34:45 Scale Mail Armor
35:32 Siege Engineers
35:46 Leather Archer Armor
38:18 Two-Man Saw
37:55 Bracer
38:25 Ring Archer Armor
38:31 Iron Casting
38:31 Chain Mail Armor
38:39 Squires
38:00 Pikeman
38:25 Arson
39:01 Houfnice
42:05 Halberdier
44:06 Blast Furnace
43:37 Plate Mail Armor
43:38 Architecture
43:22 Guilds
43:43 Coinage
47:23 Sanctity
LooneyNZ
5:35 Loom
9:37 Feudal Age
10:03 Double-Bit Axe
10:58 Wheelbarrow
14:33 Scale Barding Armor
24:05 Castle Age
26:31 Bow Saw
27:33 Hand Cart
30:20 Stone Mining
30:21 Gold Mining
32:38 Gold Shaft Mining
36:13 Imperial Age
34:09 Chain Barding Armor
34:00 Forging
35:19 Fortified Wall
35:19 Masonry
36:11 Husbandry
36:48 Iron Casting
36:39 Cavalier
39:24 Plate Barding Armor
39:54 Blast Furnace
39:42 Conscription
39:44 Chivalry
42:57 Paladin
Connection lost

Rejoining the realm…

Still unreachable

The connection could not be restored.

Session expired

The server has moved on; the page needs a fresh start.